 Dungeon Crawl Stone Soup version 0.31-a0-473-g61b50ae490 (webtiles) character file.

Game seed: 15419366148984458234

1173 LeprechaunX the Ruffian (level 8, -12/54 HPs)
             Began as an Octopode Shapeshifter on Aug 7, 2023.
             Mangled by a gnoll sergeant
             ... wielding a +4 spear of freezing
              (14 damage)
             ... on level 5 of the Dungeon.
             The game lasted 00:07:42 (3653 turns).

LeprechaunX the Ruffian (Octopode Shapeshifter)     Turns: 3653, Time: 00:07:43

Health: -12/54     AC:  1    Str: 16    XL:     8   Next: 41%
Magic:  8/8        EV: 13    Int: 10    God:
Gold:   127        SH:  0    Dex: 13    Spells: 7/7 levels left

rFire   . . .        m - +4 halberd (vamp)
rCold   . . .        (shield currently unavailable)
rNeg    . . .        (helmet currently unavailable)
rPois   .            (no amulet)
rElec   .            (no ring)
rCorr   .            (no ring)
SInv    .            (no ring)
Will    .....        (no ring)
Stlth   ++           (no ring)
HPRegen 0.29/turn    (no ring)
MPRegen 0.11/turn    (no ring)
                     (no ring)

%: no passive effects
@: beast-form
A: beast (slay +3), almost no armour, amphibious, 8 rings, camouflage 1,
gelatinous body 1, (nimble swimmer 1), tentacles
a: Begin Untransformation


You were on level 5 of the Dungeon.
You were a hulking beast.
You visited 1 branch of the dungeon, and saw 5 of its levels.
You also visited: Sewer.

You collected 127 gold pieces.

Inventory:

Hand Weapons
 m - a +4 vampiric halberd (weapon)
Talismans
 b - a beast talisman (active)
Wands
 a - a wand of polymorph (6)
Scrolls
 e - 4 scrolls of teleportation {unknown}
 g - a scroll of blinking {unknown}
 i - 3 scrolls of identify {unknown}
 k - 2 scrolls of poison {unknown}
 l - a scroll of amnesia {unknown}
 s - a scroll of torment {unknown}
Potions
 c - 4 potions of curing {unknown}
 d - 2 potions of magic {unknown}
 f - 6 potions of might {unknown}
 h - a potion of degeneration {unknown}
 j - 5 potions of invisibility {unknown}
 n - a potion of attraction {unknown}
 o - a potion of haste {unknown}
 p - a potion of heal wounds {unknown}
 q - 2 potions of mutation {unknown}
 r - a potion of resistance {unknown}


   Skills:
 + Level 4.9 Fighting
 - Level 4.0 Polearms
 - Level 3.0 Dodging
 + Level 5.6 Unarmed Combat
 + Level 5.0 Shapeshifting


You had 7 spell levels left.
You didn't know any spells.
Your spell library was empty.

Dungeon Overview and Level Annotations

Branches:
Dungeon (5/15)              Sewer (visited)
 Temple: D:4-7

Altars:
Ru

Shops:
D:4 =


Innate Abilities, Weirdness & Mutations

You are a hulking beast.
Your limbs bulge with bestial killing power. (Slay +3)
You cannot wear most types of armour.
You are amphibious.
You can wear up to eight rings at the same time.
Your skin changes colour to match your surroundings (Stealth+).
Your rubbery body absorbs attacks. (AC +1, EV +1)
((You are camouflaged when in or above water. (Stealth+)))
You have tentacles for arms and can constrict up to eight enemies at once.


Message History

a +0 heavy flail; a +0 ring mail; the human corpse of Edmund
j - 5 yellow potions (gained 2)
A phantom comes into view.
An ice beast comes into view.
There are monsters nearby!
There are monsters nearby!
There are monsters nearby!
You reach to attack!
You puncture the phantom!
The phantom is heavily damaged.
You puncture the phantom! Your squeeze misses the phantom.
The phantom is severely damaged.
The phantom hits you.
The phantom blinks!
You blink.
The phantom hits you.
The phantom blinks!
You blink.
The gnoll sergeant shouts!
The gnoll shouts!
You hit the phantom. You squeeze the phantom.
You destroy the phantom!
Training target 4.0 for Polearms reached!
Your Polearms skill increases to level 4!
Your Shapeshifting skill increases to level 5!
You puncture the gnoll! Your grab misses the gnoll.
Your squeeze misses the gnoll.
The gnoll is severely wounded.
The gnoll hits you with a +0 flail!
The gnoll sergeant hits you from afar with a +4 spear of freezing!
The gnoll sergeant freezes you.
You closely miss the gnoll. You grab the gnoll. You squeeze the gnoll.
You kill the gnoll!
The gnoll sergeant completely misses you.
The gnoll sergeant hits you from afar with a +4 spear of freezing.
The gnoll sergeant freezes you.
You are too injured to fight recklessly!
Unknown command.
The gnoll sergeant hits you with a +4 spear of freezing!
* * * LOW HITPOINT WARNING * * *
The gnoll sergeant freezes you.
* * * LOW HITPOINT WARNING * * *
There is a stone staircase leading up, spattered with blood here.
Unknown command.
The gnoll sergeant attacks as you move away!
The gnoll sergeant hits you with a +4 spear of freezing!
You die...

####.## #....
####.....####....
###..........###...
###...........ยง......
#.............#......
#..............######
#.......[...Y.#
#....g........#
##.)h.Y.......#
#.............# ....
#..)........#.##....
##.........##......[
##.........# ......
##>.....$..## ......
#.........## ......
#..#......# ##......
#..###...:#####.......


You could see an ice beast and a gnoll sergeant.

Vanquished Creatures
  Eustachio (D:4)
  Edmund (D:5)
  A water moccasin (D:5)
  A phantom (D:5)
  A kobold brigand (Sewer)
  An orc priest (D:4)
  2 hounds (D:4)
  9 orc wizards
  Robin (D:3)
  11 gnolls
  8 adders
  3 river rats
  4 worms
  3 dart slugs
  9 orcs
  8 ball pythons
  7 endoplasms
  5 giant cockroaches
  12 goblins
  8 hobgoblins
  10 jackals
  8 kobolds
  5 quokkas
  6 bats
  11 frilled lizards
  10 rats
146 creatures vanquished.

Notes
Turn   | Place    | Note
-------+----------+-------------------------------------------
     0 | D:1      | LeprechaunX the Octopode Shapeshifter began the quest for
                  | the Orb.
     0 | D:1      | Reached XP level 1. HP: 13/13 MP: 1/1
    54 | D:1      | Reached XP level 2. HP: 9/18 MP: 2/2
   349 | D:1      | Reached XP level 3. HP: 22/23 MP: 3/3
   375 | D:1      | Found a faded altar of an unknown god.
   796 | D:2      | Reached XP level 4. HP: 29/29 MP: 4/4
   813 | D:2      | Found a sacrificial altar of Ru.
  1507 | D:3      | Reached XP level 5. HP: 35/35 MP: 5/5
  1705 | D:3      | Noticed Robin
  1759 | D:3      | Killed Robin
  1760 | D:3      | Reached skill level 1 in Polearms
  1796 | D:3      | Reached XP level 6. HP: 41/41 MP: 6/6
  2016 | D:3      | You fall into a shaft and drop 2 floors!
  2016 | D:5      | Entered Level 5 of the Dungeon
  2146 | D:4      | Noticed Eustachio
  2184 | D:4      | Killed Eustachio
  2185 | D:4      | Reached XP level 7. HP: 35/47 MP: 7/7
  2207 | D:4      | Found Okauc's Jewellery Emporium.
  2312 | D:4      | Found a glowing drain.
  2328 | Sewer    | Entered a sewer
  2520 | Sewer    | Reached skill level 5 in Unarmed Combat
  3236 | D:5      | Reached XP level 8. HP: 47/54 MP: 8/8
  3315 | D:5      | HP: 1/54 [gnoll sergeant/+4 spear of freezing (6)]
  3607 | D:5      | Noticed Edmund
  3613 | D:5      | Killed Edmund
  3650 | D:5      | Reached skill level 5 in Shapeshifting
  3652 | D:5      | HP: 2/54 [gnoll sergeant/+4 spear of freezing (4)]
  3653 | D:5      | Mangled by a gnoll sergeant

Illustrated notes

Levels and vault maps discovered:
D:1:      minmay_arrival_hallway, layout_basic, basic_ecumenical_altar,
          minmay_misc_feat_tiny, amcnicky_mini_rare_corridor_liquid,
          nicolae_kite_square_tiling_tiny
D:2:      layout_rooms, basic_altar
D:3:      layout_basic, serial_glass, glass_columns_a, glass_columns_a,
          uniq_robin
D:4:      layout_rooms, portal_sewer_entry_b, minmay_shop_enchanted_jewellery,
          minmay_misc_feat_tower, due_unseen_surprise, uniq_eustachio
D:5:      kennysheep_windowed_halls, layout_cave_pods, minmay_misc_feat_alley,
          kennysheep_small_spiral, uniq_edmund

Skill      XL: |  1  2  3  4  5  6  7  8 |
---------------+-------------------------+-----
Fighting       | 2 3 4 |  4.9
Dodging        | 3 |  3.0
Polearms       | 1 2 3 4 |  4.0
Unarmed Combat | 4 5 |  5.6
Shapeshifting  | 4 5 |  5.0

Action                     |  1- 3 |  4- 6 |  7- 9 || total
---------------------------+-------+-------+-------++-------
  Melee: Unarmed           |    65 |    18 |       ||    83
         Constrict         |    17 |    26 |    21 ||    64
         Tentacles         |    10 |    27 |    24 ||    61
         Halberd           |       |   110 |   104 ||   214
         Punch             |       |     4 |     2 ||     6
    Use: Potion            |       |     1 |       ||     1
   Stab: Sleeping          |     4 |     2 |     4 ||    10
         Distracted        |       |     1 |     1 ||     2
 Armour: Skin              |     7 |    18 |     4 ||    29
  Dodge: Dodged            |    47 |    46 |    25 ||   118

Table legend: (Time is in decaauts)
 A = Elapsed time spent in this place.
 B = Non-inter-level travel time spent in this place.
 C = Inter-level travel time spent in this place.
 D = Time resting spent in this place.
 E = Time spent auto-exploring this place.
 F = Levels seen in this place.
 G = Mean time per level.
                   A        B        C        D        E       F      G
               +--------+--------+--------+--------+--------+-----+--------+
         Total |   3734 |   3508 |    226 |    348 |   2216 |   6 |  622.3 |
       Dungeon |   3218 |   2992 |    226 |    348 |   1883 |   5 |  643.6 |
         Sewer |    515 |    515 |      0 |      0 |    333 |   1 |  515.0 |
               +--------+--------+--------+--------+--------+-----+--------+

Top non-repeatable levels by time:
     D:3: 1064 daAuts
     D:4: 802 daAuts
     D:1: 627 daAuts
   Sewer: 515 daAuts
     D:2: 491 daAuts
     D:5: 232 daAuts
